 Dungeon Crawl Stone Soup version 0.18.1-8-gdd0e5ea (webtiles) character file.

1241 mrokjakchuj the Carver (level 8, 0/58 HPs)
             Began as a Human Fighter on May 22, 2016.
             Succumbed to a worker ant's poison
             ... on level 6 of the Dungeon.
             The game lasted 00:13:18 (4926 turns).

mrokjakchuj the Carver (Human Fighter)              Turns: 4926, Time: 00:13:18

Health: 0/58       AC:  8    Str: 18    XL:     8   Next: 78%
Magic:  8/8        EV:  7    Int:  9    God:
Gold:   286        SH:  9    Dex: 13    Spells: 0 memorised, 7 levels left

rFire  . . .     SeeInvis .     a - +0 long sword
rCold  . . .     Gourm    .     b - +1 scale mail
rNeg   . . .     Faith    .     c - +0 shield
rPois  .         Spirit   .     k - +0 helmet
rElec  .         Dismiss  .     (no cloak)
rCorr  +         Reflect  .     (no gloves)
SustAt .         Harm     .     (no boots)
MR     .....                    p - amulet of magic regeneration
Stlth  ..........               d - ring of wizardry
                                l - ring of resist corrosion

@: lethally poisoned (0 -> -8), very slightly contaminated, not resistant to
hostile enchantments, extremely unstealthy
A: no striking features
a: no special abilities


You were on level 6 of the Dungeon.
You were not hungry.

You visited 1 branch of the dungeon, and saw 6 of its levels.

You collected 286 gold pieces.

Inventory:

Hand Weapons
 a - a +0 long sword (weapon)
Armour
 b - a +1 scale mail (worn)
 c - a +0 shield (worn)
 k - a +0 helmet (worn)
Jewellery
 d - a ring of wizardry (right hand)
 l - a ring of resist corrosion (left hand)
 p - an amulet of magic regeneration (around neck)
Wands
 h - a wand of lightning (0/15)
Scrolls
 f - 2 scrolls of magic mapping
 g - 3 scrolls of remove curse
 j - 3 scrolls of teleportation
 m - 2 scrolls of amnesia
 n - 2 scrolls of recharging
Potions
 i - a potion of flight
Comestibles
 o - 4 fruits


   Skills:
 - Level 3.0 Fighting
 + Level 10.0 Long Blades
 - Level 3.0 Armour
 - Level 1.0 Stealth
 - Level 3.0 Shields


You had 7 spell levels left.
You didn't know any spells.

Dungeon Overview and Level Annotations

Branches:
Dungeon (6/15)
 Temple: D:4-7

Altars:
Ashenzari
Cheibriados
Dithmenos
Gozag
Kikubaaqudgha
Makhleb
Nemelex Xobeh
Okawaru
Qazlal
Vehumet
Yredelemnul

Shops:
D:3 *   D:6 }


Message History

The worker ant is heavily wounded.
* * * LOW HITPOINT WARNING * * *
You feel sick.
The worker ant bites you but does no damage.
You hit the worker ant.
The worker ant is severely wounded.
* * * LOW HITPOINT WARNING * * *
You feel sick. You block the worker ant's attack.
You slash the worker ant!
You kill the worker ant!
* * * LOW HITPOINT WARNING * * *
You feel sick.
Drink which item? (? for menu, Esc to quit)
Okay, then.
Read which item? (? for menu, Esc to quit)
Okay, then.
* * * LOW HITPOINT WARNING * * *
You feel sick.
You see here an adder corpse.
You die...

##.##.. .#
#..# ##.# #
##†###
#.####....#
.∩.8.#[(..#
#......)>.#
#8.###....#
# #.@..#
#)††.#
#....#
#....#
######


There were no monsters in sight!

Vanquished Creatures
  Sigmund (D:4)
  An orc warrior (D:6)
  2 ice beasts
  An ogre (D:6)
  A centaur (D:6)
  The ghost of Raiden350 the Grave Robber, an amateur DENe (D:3)
  A scorpion (D:5)
  3 orc priests
  A giant frog skeleton (D:5)
  2 orc wizards
  3 worker ants
  Ijyb (D:2)
  Terence (D:2)
  Robin (D:2)
  3 gnolls (D:3)
  7 adders
  An adder zombie (D:5)
  An adder skeleton (D:5)
  3 worms (D:2)
  3 dart slugs
  8 giant geckos
  10 orcs
  7 bats
  2 bat zombies (D:2)
  6 giant cockroaches
  12 goblins
  12 hobgoblins
  10 jackals
  4 quokkas
  3 giant newts
  A jackal skeleton (D:5)
  4 kobolds
  3 rats
  A rat zombie (D:2)
121 creatures vanquished.

Notes
Turn   | Place    | Note
--------------------------------------------------------------
     0 | D:1      | mrokjakchuj the Human Fighter began the quest for the Orb.
     0 | D:1      | Reached XP level 1. HP: 18/18 MP: 1/1
   154 | D:1      | Reached XP level 2. HP: 24/24 MP: 2/2
   595 | D:1      | Reached skill level 3 in Long Blades
   645 | D:2      | Reached XP level 3. HP: 25/29 MP: 3/3
   649 | D:2      | Noticed Ijyb
   692 | D:2      | Killed Ijyb
   692 | D:2      | Reached XP level 4. HP: 29/35 MP: 4/4
   789 | D:2      | Reached skill level 4 in Long Blades
  1023 | D:2      | Noticed Robin
  1040 | D:2      | Killed Robin
  1056 | D:2      | Found a shattered altar of Ashenzari.
  1057 | D:2      | Noticed Terence
  1074 | D:2      | Killed Terence
  1074 | D:2      | Reached XP level 5. HP: 29/41 MP: 5/5
  1213 | D:2      | Found an ancient bone altar of Kikubaaqudgha.
  1500 | D:2      | Reached skill level 5 in Long Blades
  2088 | D:3      | Noticed Raiden350's ghost (amateur DENe)
  2101 | D:3      | Killed Raiden350's ghost
  2101 | D:3      | Reached XP level 6. HP: 20/47 MP: 6/6
  2114 | D:3      | Reached skill level 6 in Long Blades
  2396 | D:3      | Found Gozag's Platinum Reserve.
  2402 | D:3      | Found an opulent altar of Gozag.
  2448 | D:3      | Found an iron altar of Okawaru.
  2535 | D:3      | HP: 2/47 [gnoll/spear (8)]
  2540 | D:3      | HP: 2/47 [something/puff of flame (4)]
  2773 | D:4      | Reached skill level 1 in Stealth
  2778 | D:4      | Found a shattered altar of Ashenzari.
  2991 | D:4      | Found a burning altar of Makhleb.
  3038 | D:4      | Noticed Sigmund
  3064 | D:4      | Killed Sigmund
  3064 | D:4      | Reached skill level 7 in Long Blades
  3064 | D:4      | Reached XP level 7. HP: 40/52 MP: 7/7
  3317 | D:5      | Entered Level 5 of the Dungeon
  3605 | D:5      | Reached skill level 8 in Long Blades
  3994 | D:5      | Found a sparkling altar of Nemelex Xobeh.
  3994 | D:5      | Found a shadowy altar of Dithmenos.
  3996 | D:5      | Found a basalt altar of Yredelemnul.
  3996 | D:5      | Found a snail-covered altar of Cheibriados.
  4071 | D:5      | Reached XP level 8. HP: 49/58 MP: 8/8
  4133 | D:5      | Found a stormy altar of Qazlal.
  4628 | D:6      | Reached skill level 9 in Long Blades
  4865 | D:6      | Found a radiant altar of Vehumet.
  4908 | D:6      | Found Furu Qor's Gadget Shoppe.
  4919 | D:6      | Reached skill level 10 in Long Blades
  4924 | D:6      | HP: 2/58 [poisoned by a worker ant]
  4926 | D:6      | Succumbed to a worker ant's poison

Skill      XL: |  1  2  3  4  5  6  7  8 |
---------------+-------------------------+-----
Long Blades    | 3 4 5 7 8 10 | 10.0
Stealth        | 1 |  1.0
Fighting       | |  3.0
Armour         | |  3.0
Shields        | |  3.0

Action                   |  1- 3 |  4- 6 |  7- 9 || total
-------------------------+-------+-------+-------++-------
Melee: Long sword        |    68 |   271 |   158 ||   497
Evoke: Wand              |       |       |     5 ||     5
  Use: Scroll            |       |     9 |     3 ||    12
       Potion            |       |     6 |     1 ||     7
  Eat: Pizza             |       |     1 |       ||     1
       Bread ration      |       |     1 |       ||     1
       Chunk             |       |       |     4 ||     4
       Meat ration       |       |       |     1 ||     1
Armor: Scale mail        |    36 |   109 |    80 ||   225
Dodge: Dodged            |    14 |    89 |    46 ||   149
Block: Shield            |    24 |   135 |    67 ||   226
